 Dungeon Crawl Stone Soup version 0.29-a0-1027-gcd8c55af63 (webtiles) character file.

Game seed: 13910484899288987948

6077 Ijustatesigmund the Magician (level 10, -19/65 HPs)
             Began as an Octopode Earth Elementalist on Aug 12, 2022.
             Demolished by an emperor scorpion (shapeshifter) (23 damage)
             ... on level 9 of the Dungeon.
             The game lasted 00:37:57 (14721 turns).

Ijustatesigmund the Magician (OpEE)                Turns: 14721, Time: 00:37:58

Health: -19/65     AC:  5    Str:  7    XL:     10   Next: 88%
Magic:  1/21       EV: 14    Int: 21    God:
Gold:   253        SH:  0    Dex: 14    Spells: 8/24 levels left

rFire   . . .      SeeInvis .   f - +1 short sword (protect)
rCold   + . .      Faith    .   (no shield)
rNeg    . . .      Spirit   .   (helmet restricted)
rPois   .          Reflect  .   (no amulet)
rElec   .          Harm     .   c - +4 ring of protection
rCorr   .          Rampage  .   k - ring of protection from cold
Will    .....                   s - ring of wizardry
Stlth   +++.......              (no ring)
HPRegen 0.20/turn               (no ring)
MPRegen 0.17/turn               (no ring)
                                (no ring)
                                (no ring)

@: lethally poisoned (-19 -> -80), on blink cooldown
A: almost no armour, amphibious, 8 rings, camouflage 1, gelatinous body 1,
(nimble swimmer 1), tentacles
a: no special abilities


You were on level 9 of the Dungeon.
You visited 2 branches of the dungeon, and saw 10 of its levels.
You also visited: Bailey.

You collected 583 gold pieces.
You spent 330 gold pieces at shops.

Inventory:

Hand Weapons
 f - a +1 short sword of protection (weapon)
 p - a +0 morningstar
Missiles
 d - 6 boomerangs of dispersal
 m - a throwing net
Jewellery
 c - a +4 ring of protection (left tentacle)
 k - a ring of protection from cold (right tentacle)
 s - a ring of wizardry (on tentacle)
Scrolls
 b - a scroll of teleportation
 g - 4 scrolls of immolation
 h - a scroll of brand weapon
 i - 2 scrolls of identify
 r - a scroll of silence
Potions
 a - a potion of might
 e - a potion of curing
 j - a potion of invisibility
 l - 4 potions of flight
 n - 2 potions of brilliance
 q - a potion of cancellation
Miscellaneous
 t - a tin of tremorstones (2/2)


   Skills:
 - Level 4.7 Fighting
 - Level 3.9 Short Blades
 - Level 3.1 Dodging
 - Level 2.6 Stealth
 + Level 7.9 Spellcasting
 + Level 6.4 Conjurations
 - Level 3.8 Translocations
 - Level 4.5 Transmutations
 + Level 5.1 Fire Magic
 - Level 6.4 Earth Magic


You had 8 spell levels left.
You knew the following spells:

 Your Spells              Type           Power      Damage    Failure   Level
a - Sandblast             Erth           70%        2d15      1%          1
b - Stone Arrow           Conj/Erth      70%        3d11      1%          3
c - Passwall              Tmut/Erth      25%        N/A       1%          2
d - Petrify               Tmut/Erth      31%        N/A       3%          4
e - Blink                 Tloc           48%        N/A       1%          2
f - Sticky Flame          Conj/Fire      32%        2d5       3%          4

Your spell library contained the following spells:

 Spells                   Type           Power      Damage    Failure   Level
 Static Discharge         Conj/Air       21%        3-6/arc   1%          2
 Lesser Beckoning         Tloc           24%        N/A       1%          3
 Slow                     Hex            32%        N/A       3%          1
 Manifold Assault         Tloc           24%        N/A       19%         5
 Lightning Bolt           Conj/Air       10%        1d23      24%         5
 Dispel Undead            Necr           8%         3d8       32%         4
 Maxwell's Capacitive Co  Air            4%         ∞         100%        8


Dungeon Overview and Level Annotations

Branches:
Dungeon (9/15)             Temple (1/1) D:7          Bailey (visited)
   Lair: D:8-11         Orc: D:9-12

Altars:
Ashenzari
Cheibriados
Dithmenos
Fedhas
Gozag
Hepliaklqana
Makhleb
Nemelex Xobeh
Okawaru
Qazlal
Ru
Sif Muna
Trog
Uskayaw
Wu Jian
Xom
Yredelemnul
Zin
The Shining One

Shops:
D:1 =   D:4 (   D:7 *   D:8 *

Annotations:
D:9 4 runed translucent doors


Innate Abilities, Weirdness & Mutations

You cannot wear most types of armour.
You are amphibious.
You can wear up to eight rings at the same time.
Your skin changes colour to match your surroundings (Stealth+).
Your rubbery body absorbs attacks. (AC +1, EV +1)
((You are camouflaged when in or above water. (Stealth+)))
You have tentacles for arms and can constrict up to eight enemies at once.


Message History

Confirm with . or Enter, or press ? or * to list all spells.
Aiming: Stone Arrow (safe; 1% risk of failure)
Press: ? - help, Shift-Dir - straight line, f/p - emperor scorpion
Aim: an emperor scorpion (moderately wounded, covered in liquid flames, 89% to hit)
The stone arrow hits the emperor scorpion!
The emperor scorpion is heavily wounded.
The emperor scorpion burns!
The emperor scorpion stings you!! The emperor scorpion claws you.
The emperor scorpion barely misses you.
Casting: Stone Arrow (safe; 1% risk of failure)
Confirm with . or Enter, or press ? or * to list all spells.
You blink.
The emperor scorpion burns!
The emperor scorpion stings you.
* * * LOW HITPOINT WARNING * * *
The emperor scorpion barely misses you. The emperor scorpion misses you.
Casting: Blink (safe; 1% risk of failure)
Confirm with . or Enter, or press ? or * to list all spells.
Aiming: Stone Arrow (safe; 1% risk of failure)
Press: ? - help, Shift-Dir - straight line, f/p - emperor scorpion
Aim: an emperor scorpion (heavily wounded, covered in liquid flames, 89% to hit)
The stone arrow hits the emperor scorpion.
The emperor scorpion is heavily wounded.
The emperor scorpion burns!
The emperor scorpion closely misses you.
The emperor scorpion claws you but does no damage.
The emperor scorpion closely misses you.
You feel much better.
The emperor scorpion burns!
The emperor scorpion stops burning.
The emperor scorpion stings you!!
You are lethally poisoned!
The emperor scorpion poisons you!
The emperor scorpion closely misses you.
The emperor scorpion claws you. The emperor scorpion stings you!
* * * LOW HITPOINT WARNING * * *
You are more poisoned.
The emperor scorpion poisons you! The emperor scorpion claws you.
* * * LOW HITPOINT WARNING * * *
The emperor scorpion barely misses you.
You feel much better.
* * * LOW HITPOINT WARNING * * *
You feel extremely sick. The emperor scorpion stings you!!
You die...

#..........##
#
#...........#
#
#...........#
#
##..........#
#...........#
#...........#
#...........#
#...........#
#...@s......#
#............#
#.............
#.............
#.............
#.............
##............
#..........


You could see an emperor scorpion.

Vanquished Creatures
  A two-headed ogre (D:8)
  An orc knight (Bailey)
  Joseph (D:7)
  A hornet (D:8)
  Grinder (D:5)
  A wyvern (D:7)
  A human (D:4)
  Menkaure (D:7)
  An acid dragon (D:9)
  2 water moccasins
  Duvessa (D:7)
  2 ice beasts (D:8)
  7 orc warriors (Bailey)
  2 black bears
  An ogre (D:5)
  2 centaurs
  A phantom (D:7)
  2 kobold brigands
  3 bullfrogs (D:8)
  A scorpion (D:7)
  A necrophage (D:7)
  Dowan (D:7)
  12 killer bees
  4 howler monkeys
  3 jellies
  4 orc priests
  5 hounds
  3 iguanas
  Jessica (D:2)
  8 orc wizards
  6 gnolls
  12 adders
  A white imp (D:6)
  4 ufetubi
  4 worms (D:3)
  6 dart slugs
  29 orcs
  12 ball pythons
  A bat (D:3)
  4 endoplasms
  5 giant cockroaches
  8 goblins
  13 hobgoblins
  7 jackals
  37 kobolds
  4 quokkas
  2 frilled lizards
  4 rats
  A bush (D:6)
235 creatures vanquished.

Vanquished Creatures (others)
  21 fungi (D:4)
  2 plants (D:6)
23 creatures vanquished.

Grand Total: 258 creatures vanquished

Notes
Turn   | Place    | Note
-------+----------+-------------------------------------------
     0 | D:1      | Ijustatesigmund the Octopode Earth Elementalist began the
                  | quest for the Orb.
     0 | D:1      | Reached XP level 1. HP: 11/11 MP: 3/3
   241 | D:1      | Reached XP level 2. HP: 17/17 MP: 3/5
   642 | D:1      | Found Liejip's Jewellery Shop.
  1031 | D:2      | Reached XP level 3. HP: 21/21 MP: 4/7
  1035 | D:2      | Learned a level 3 spell: Stone Arrow
  1038 | D:2      | Learned a level 2 spell: Passwall
  1295 | D:2      | Found a faded altar of an unknown god.
  1512 | D:2      | Found a shimmering blue altar of Sif Muna.
  1538 | D:2      | Reached skill level 3 in Spellcasting
  1601 | D:2      | Noticed Jessica
  1610 | D:2      | Killed Jessica
  1611 | D:2      | Reached skill level 1 in Conjurations
  1611 | D:2      | Reached XP level 4. HP: 5/27 MP: 0/8
  1616 | D:2      | Got Jessica's Lectures on Guile
  2470 | D:2      | Reached XP level 5. HP: 27/31 MP: 4/10
  3531 | D:3      | Reached skill level 4 in Spellcasting
  4223 | D:4      | Found Babbamaf's Weapon Shoppe.
  4354 | D:4      | Reached XP level 6. HP: 30/36 MP: 10/12
  4927 | D:4      | Found a runed translucent door.
  4927 | D:4      | Noticed a human
  4932 | D:4      | Found a basalt altar of Yredelemnul.
  4979 | D:4      | Killed a human
  4980 | D:4      | Reached XP level 7. HP: 33/41 MP: 1/14
  5156 | D:4      | Reached skill level 5 in Spellcasting
  5375 | D:4      | Identified the +2 leather armour of the Moon {rPois rF+
                  | Will+}
  6053 | D:5      | Entered Level 5 of the Dungeon
  6126 | D:5      | Found a broken altar of Ashenzari.
  6571 | D:5      | Reached skill level 5 in Conjurations
  6837 | D:5      | Found a shadowy altar of Dithmenos.
  6848 | D:5      | Reached skill level 1 in Fighting
  6852 | D:5      | Reached XP level 8. HP: 48/48 MP: 3/16
  7123 | D:5      | Noticed Grinder
  7130 | D:5      | Killed Grinder
  7131 | D:5      | Reached skill level 6 in Spellcasting
  7219 | D:5      | Learned a level 4 spell: Petrify
  7851 | D:6      | Learned a level 2 spell: Blink
  8008 | D:6      | Found a sacrificial altar of Ru.
  8057 | D:6      | Noticed a boulder beetle
  8168 | D:7      | Reached skill level 5 in Earth Magic
  8408 | D:7      | Noticed Duvessa
  8410 | D:7      | Noticed Dowan
  8415 | D:7      | Killed Duvessa
  8416 | D:7      | Reached skill level 1 in Translocations
  8426 | D:7      | Killed Dowan
  8685 | D:7      | Found a staircase to the Ecumenical Temple.
  8699 | Temple   | Entered the Ecumenical Temple
  8699 | Temple   | Found a transporter.
  8699 | Temple   | Found a transporter.
  8713 | Temple   | Found a transporter.
  8713 | Temple   | Found a transporter.
  8935 | D:7      | Reached XP level 9. HP: 46/54 MP: 8/18
  9317 | D:7      | Found an ornate altar of the Wu Jian Council.
  9650 | D:7      | Noticed Joseph
  9672 | D:7      | Killed Joseph
  9673 | D:7      | Reached skill level 7 in Spellcasting
  9675 | D:7      | Noticed Menkaure
  9683 | D:7      | Killed Menkaure
 10347 | D:7      | Found Foriolei's General Store.
 11056 | D:1      | Bought a ring of wizardry for 330 gold pieces
 11062 | D:1      | Learned a level 4 spell: Sticky Flame
 11413 | D:7      | Reached skill level 1 in Short Blades
 11413 | D:7      | Reached skill level 1 in Fire Magic
 11613 | D:8      | Noticed a hornet
 11615 | D:8      | Killed a hornet
 11616 | D:8      | Reached XP level 10. HP: 63/63 MP: 14/21
 11703 | D:8      | Found a hazy altar of Hepliaklqana.
 11892 | D:8      | Noticed a two-headed ogre
 11897 | D:8      | Killed a two-headed ogre
 12322 | D:8      | Found Lykaamp's Changing Room.
 12394 | D:8      | Found a snail-covered altar of Cheibriados.
 13199 | D:9      | Found a flagged portal.
 13214 | Bailey   | Entered a bailey
 13330 | Bailey   | Noticed an orc knight
 13347 | Bailey   | Killed an orc knight
 14147 | Bailey   | Reached skill level 5 in Fire Magic
 14652 | D:9      | Found a large runed translucent door.
 14652 | D:9      | Noticed a cyclops
 14653 | D:9      | Found a large runed translucent door.
 14656 | D:9      | Found a large runed translucent door.
 14656 | D:9      | Found a large runed translucent door.
 14707 | D:9      | Noticed an emperor scorpion
 14720 | D:9      | HP: 2/65 [emperor scorpion (shapeshifter) (5)]
 14721 | D:9      | Demolished by an emperor scorpion (shapeshifter)

Illustrated notes

Levels and vault maps discovered:
D:1:      minmay_arrival_jagged, layout_basic, serial_shops, shop,
          minmay_misc_feat_nine_boxes
D:2:      layout_loops_cross, chequers_ecumenical_altar_island, basic_altar,
          kennysheep_jessica_study
D:3:      minmay_chambers_of_threes, layout_rooms
D:4:      minmay_chambers_of_twos, layout_basic, dk_yredelemnul_ordeal,
          serial_aquarium, aquarium_bridge_square [aquarium_subvault_bridge,
          aquarium_subvault_window, aquarium_subvault_window,
          aquarium_subvault_bridge], aquarium_bridge_long_joined
          [aquarium_subvault_bridge, aquarium_subvault_wall,
          aquarium_subvault_wall, aquarium_subvault_window,
          aquarium_subvault_window, aquarium_subvault_bridge],
          aquarium_window_1, aquarium_window_3, aquarium_window_fake,
          aquarium_window_1, aquarium_view_2c, aquarium_balcony_3b,
          aquarium_pool_1, grunt_ministairs_11, nicolae_stop_n_shop_1,
          interstate_on_off
D:5:      layout_rooms, nicolae_dithmenos_shadow_blocks,
          evilmike_ruin_ashenzari, uniq_grinder
D:6:      layout_loops_ring, kiku_gazebo_pond_becter, nicolae_ru_awakened_eye,
          kb_lookout_dungeons_type, minmay_misc_feat_iff, serial_bayou_pond_a,
          minmay_manual_mail, uniq_crazy_yiuf_cottage
D:7:      layout_layer_cave, nicolae_wu_jian_wuxing_cycle,
          minmay_temple_entry_stoned_glass, serial_shops, kennysheep_mini,
          uniq_joseph, uniq_duvessa, uniq_menkaure
D:8:      layout_gridville, nicolae_transmutations_shop,
          hangedman_feature_mirror
D:9:      layout_layer_cave, enter_bailey_2, minmay_hollow_rounded_squares
Temple:   hellmonk_temple_divided_pantheon

Skill      XL: |  1  2  3  4  5  6  7  8  9 10 |
---------------+-------------------------------+-----
Spellcasting   | 3 4 5 6 7 |  7.9
Conjurations   | 1 2 3 4 5 6 |  6.4
Fighting       | 1 2 3 4 |  4.7
Earth Magic    | 4 5 6 |  6.4
Dodging        | 3 |  3.1
Transmutations | 2 4 |  4.5
Translocations | 1 3 |  3.8
Short Blades   | 1 3 |  3.9
Fire Magic     | 1 5 |  5.1
Stealth        | |  2.6

Action                   |  1- 3 |  4- 6 |  7- 9 | 10-12 || total
-------------------------+-------+-------+-------+-------++-------
Melee: Unarmed           |     6 |       |       |       ||     6
       Tentacles         |     4 |    19 |    68 |    20 ||   111
       Constrict         |     2 |    21 |    27 |    18 ||    68
       Short sword       |     6 |    87 |   195 |    83 ||   371
       Punch             |       |     3 |     1 |       ||     4
 Cast: Sandblast         |    41 |    37 |    17 |    21 ||   116
       Stone Arrow       |     2 |     8 |   100 |    59 ||   169
       Passwall          |       |     1 |     5 |     1 ||     7
       Sticky Flame      |       |       |       |     5 ||     5
       Blink             |       |       |       |     1 ||     1
  Use: Scroll            |     2 |     7 |    11 |     2 ||    22
       Potion            |       |       |     6 |     9 ||    15
 Stab: Sleeping          |     2 |     2 |     4 |     2 ||    10
       Distracted        |       |     1 |       |       ||     1
       Invisible         |       |       |     2 |       ||     2
Armor: Skin              |     6 |    45 |    49 |    87 ||   187
Dodge: Dodged            |    10 |    96 |   135 |   152 ||   393

Table legend: (Time is in decaauts)
 A = Elapsed time spent in this place.
 B = Non-inter-level travel time spent in this place.
 C = Inter-level travel time spent in this place.
 D = Time resting spent in this place.
 E = Time spent auto-exploring this place.
 F = Levels seen in this place.
 G = Mean time per level.
                   A        B        C        D        E       F      G
               +--------+--------+--------+--------+--------+-----+--------+
         Total |  14825 |  14320 |    505 |   6481 |   5746 |  11 | 1347.7 |
       Dungeon |  13579 |  13075 |    504 |   5819 |   5507 |   9 | 1508.8 |
        Temple |     87 |     87 |      0 |      0 |     13 |   1 |   87.0 |
        Bailey |   1157 |   1157 |      0 |    662 |    226 |   1 | 1157.0 |
               +--------+--------+--------+--------+--------+-----+--------+

Top non-repeatable levels by time:
     D:7: 2823 daAuts
     D:4: 2348 daAuts
     D:3: 1803 daAuts
     D:2: 1625 daAuts
     D:8: 1572 daAuts
  Bailey: 1157 daAuts
     D:5: 1106 daAuts
     D:1: 995 daAuts
     D:6: 770 daAuts
     D:9: 534 daAuts
  Temple: 87 daAuts
